 Dungeon Crawl Stone Soup version 0.18-a0-824-g47fe746 (webtiles) character file.

91 JokEr the Insei (level 4, 0/30 HPs)
             Began as an Octopode Transmuter on Dec 17, 2015.
             Succumbed to an adder's poison
             ... on level 2 of the Dungeon.
             The game lasted 00:03:20 (2044 turns).

JokEr the Insei (Octopode Transmuter)               Turns: 2044, Time: 00:03:20

Health: 0/30       AC:  1    Str:  9    XL:     4   Next: 57%
Magic:  7/7        EV: 12    Int: 16    God:
Gold:   13         SH:  0    Dex: 12    Spells: 1 memorised, 6 levels left

rFire  . . .     SeeInvis .       - Unarmed
rCold  . . .     Gourm    .     (no shield)
rNeg   . . .     Faith    .     (helmet restricted)
rPois  .         Spirit   .     (no amulet)
rElec  .         Dismiss  .     (no ring)
rCorr  .         Reflect  .     (no ring)
SustAt .         Harm     .     (no ring)
MR     .....                    (no ring)
Stlth  ++........               (no ring)
                                (no ring)
                                (no ring)
                                (no ring)

@: lethally poisoned (0 -> -2), not resistant to hostile enchantments,
unstealthy
A: almost no armour, amphibious, 8 rings, constrict 8, camouflage 1, gelatinous
body 1
a: no special abilities


You were on level 2 of the Dungeon.
You were full.

You visited 1 branch of the dungeon, and saw 2 of its levels.

You collected 13 gold pieces.

Inventory:

Missiles
 a - 12 arrows
 f - 9 arrows of flame
Wands
 e - a wand of random effects (20)
Scrolls
 g - a scroll of immolation {unknown}
 h - a scroll of enchant armour {unknown}
 i - a scroll of identify
 j - a scroll of remove curse
Potions
 d - a potion of flight
Books
 b - a book of Changes

   Spells                             Type                      Level
   a - Beastly Appendage              Transmutation                1
   b - Sticks to Snakes               Transmutation                2
   c - Spider Form                    Transmutation/Poison         3
   d - Ice Form                       Ice/Transmutation            4
   e - Blade Hands                    Transmutation                5


   Skills:
 + Level 2.3 Fighting
 - Level 2.0 Dodging
 + Level 3.9 Unarmed Combat
 - Level 2.0 Spellcasting
 + Level 3.1 Transmutations


You had 6 spell levels left.
You knew the following spells:

 Your Spells              Type           Power        Failure   Level  Hunger
a - Beastly Appendage     Trmt           ##....       8%          1    #......


Dungeon Overview and Level Annotations

Branches:
Dungeon (2/15)

Altars:


Innate Abilities, Weirdness & Mutations

You cannot wear most types of armour.
You are amphibious.
You can wear up to eight rings at the same time.
You can use your tentacles to constrict eight enemies at once.
Your skin changes colour to match your surroundings (Stealth).
Your rubbery body absorbs attacks (AC +1).


Message History

You continue eating. x2
You finish eating.
That bread ration really hit the spot!
The hobgoblin shouts!
You tentacle-slap the hobgoblin. You grab the hobgoblin.
You pierce the hobgoblin, but do no damage.
The hobgoblin is moderately wounded.
You constrict the hobgoblin, but do no damage.
The hobgoblin closely misses you.
You tentacle-slap the hobgoblin.
You kill the hobgoblin!
* * * LOW HITPOINT WARNING * * *
You feel sick.
Your tentacle spike disappears.
You see here an adder corpse.
You see here an adder corpse.
* * * LOW HITPOINT WARNING * * *
You feel sick.
You see here an adder corpse.
You see here an adder corpse.
You die...

#........#.......#.#.
#........#.####### #
#........#.#
#........#..
#........##.#
#............
##.#.........
#)########..
#%†@........
#.....##### ........#
..........#
.......$...#
..%........#
...........#
...........#


There were no monsters in sight!

Vanquished Creatures
  4 adders (D:2)
  An ooze (D:2)
  A worm (D:2)
  2 giant geckos
  4 bats
  5 giant cockroaches
  8 goblins
  7 hobgoblins
  2 giant newts (D:1)
  A kobold (D:2)
  9 rats
44 creatures vanquished.

Notes
Turn   | Place    | Note
--------------------------------------------------------------
     0 | D:1      | JokEr the Octopode Transmuter began the quest for the Orb.
     0 | D:1      | Reached XP level 1. HP: 13/13 MP: 3/3
   364 | D:1      | Reached XP level 2. HP: 18/18 MP: 5/5
  1084 | D:1      | Reached XP level 3. HP: 23/23 MP: 4/6
  1799 | D:2      | Reached XP level 4. HP: 29/29 MP: 5/7
  2036 | D:2      | HP: 1/30 [poisoned by an adder]
  2044 | D:2      | Succumbed to an adder's poison

Vault maps used:
D:1:      dpeg_arrival_court
D:2:      first_bread

Action                   |  1- 3 |  4- 6 || total
-------------------------+-------+-------++-------
Melee: Unarmed           |    75 |    25 ||   100
 Cast: Beastly Appendage |     7 |     2 ||     9
  Use: Scroll            |     2 |       ||     2
 Stab: Sleeping          |     4 |       ||     4
  Eat: Chunk             |     3 |     1 ||     4
       Bread ration      |       |     1 ||     1
